 Dungeon Crawl Stone Soup version 0.26.1-11-gd32895ea62 (webtiles) character file.

Game seed: 4683640553494275485

201 Descartes the Magician (level 5, -1/32 HPs)
             Began as a Deep Elf Wanderer on May 30, 2021.
             Killed by divine providence
             ... invoked by an orc priest
              (15 damage)
             ... on level 3 of the Dungeon.
             The game lasted 00:12:23 (4985 turns).

Descartes the Magician (Deep Elf Wanderer)          Turns: 4985, Time: 00:12:23

Health: -1/32      AC:  6    Str:  8    XL:     5   Next: 50%
Magic:  9/22       EV: 13    Int: 21    God:
Gold:   137        SH:  0    Dex: 12    Spells: 5/12 levels left

rFire    . . .     SeeInvis .   C - +0 long sword
rCold    . . .     Faith    .   (no shield)
rNeg     . . .     Spirit   .   d - +0 robe
rPois    .         Reflect  .   (no helmet)
rElec    .         Harm     .   s - scarf {shadows}
rCorr    .         Rampage  .   (no gloves)
Will     .....                  (no boots)
Stlth    ++........             o - amulet of regeneration
HPRegen  0.50/turn              t - +4 ring of protection
MPRegen  0.18/turn              k - ring of magical power

@: no status effects
A: no striking features
a: no special abilities


You were on level 3 of the Dungeon.
You visited 1 branch of the dungeon, and saw 4 of its levels.

You collected 137 gold pieces.

Inventory:

Hand Weapons
 a - a +0 dagger
 C - a +0 long sword (weapon)
Missiles
 h - 106 stones (quivered)
 i - 23 sling bullets
 l - 16 poisoned darts
 n - 32 arrows
 r - 8 atropa-tipped darts
 A - 50 bolts
Armour
 d - a +0 robe (worn)
 s - a scarf of shadows (worn)
Magical Staves
 y - an uncursed staff of death
Jewellery
 g - an uncursed ring of positive energy
 k - a ring of magical power (right hand)
 o - an amulet of regeneration (around neck)
 t - a +4 ring of protection (left hand)
 v - an uncursed amulet of magic regeneration
Scrolls
 f - a scroll of magic mapping {unknown}
 j - a scroll of random uselessness {unknown}
 m - 6 scrolls of identify {unknown}
 p - 2 scrolls of teleportation {unknown}
 q - a scroll of fear {unknown}
 u - a scroll of immolation {unknown}
 B - a scroll of noise {unknown}
 E - a scroll of enchant weapon {unknown}
Potions
 b - 5 potions of curing {unknown}
 c - a potion of lignification
 e - a potion of might {unknown}
 w - a potion of mutation {unknown}
 x - 3 potions of haste {unknown}
 z - 2 potions of brilliance {unknown}
 D - a potion of flight {unknown}


   Skills:
 - Level 3.2 Fighting
 + Level 3.3 Dodging
 - Level 2.4 Stealth
 + Level 4.0 Spellcasting
 + Level 3.0 Conjurations
 + Level 1.9 Necromancy
 - Level 2.1 Fire Magic
 - Level 1.1 Evocations


You had 5 spell levels left.
You knew the following spells:

 Your Spells              Type           Power        Failure   Level
a - Magic Dart            Conj           32%          3%          1
b - Pain                  Necr           24%          5%          1
c - Blink                 Tloc           N/A          19%         2
d - Mephitic Cloud        Conj/Pois/Air  4%           24%         3

Your spell library contained the following spells:

 Spells                   Type           Power        Failure   Level
 Summon Small Mammal      Summ           8%           12%         1
 Conjure Flame            Conj/Fire      7%           12%         3
 Vampiric Draining        Necr           3%           16%         3
 Call Imp                 Summ           2%           19%         2
 Slow                     Hex            2%           19%         2
 Call Canine Familiar     Summ           2%           34%         3
 Summon Guardian Golem    Hex/Summ       2%           34%         3
 Summon Ice Beast         Ice/Summ       2%           75%         4
 Summon Lightning Spire   Summ/Air       2%           75%         4


Dungeon Overview and Level Annotations

Branches:
Dungeon (4/15)
 Temple: D:4-7

Altars:
Qazlal
The Shining One


Message History

The orc priest hits you with a +0 dagger!
Casting: Magic Dart (safe; 3% risk of failure)
Confirm with . or Enter, or press ? or * to list all spells.
Aiming: Magic Dart (safe; 3% risk of failure)
Press: ? - help, Shift-Dir - straight line, f/p - orc priest
Aim: an orc priest, wielding a +0 dagger and wearing a +0 leather armour (0% to evade)
You feel a numb sensation.
The magic dart hits the orc priest but does no damage.
The orc priest barely misses you.
Unknown command.
Casting: Magic Dart (safe; 3% risk of failure)
Confirm with . or Enter, or press ? or * to list all spells.
Aiming: Magic Dart (safe; 3% risk of failure)
Press: ? - help, Shift-Dir - straight line, f/p - orc priest
Aim: an orc priest, wielding a +0 dagger and wearing a +0 leather armour (0% to evade)
You feel a numb sensation.
The magic dart hits the orc priest.
The orc priest is lightly wounded.
The orc priest calls down the wrath of Beogh upon you.
Beogh smites you!
You die...

## .# .# .# .#
.#################
...............o@#
###.......######.#
#.......# #.# ##.......#
#.# #........# #.# ###
#........# #.# #.#
#...###### #.# #.# #...####
#.# #.#
##......########.#####.####


You could see an orc priest.

Vanquished Creatures
  A hound (D:4)
  A gnoll shaman (D:3)
  A worker ant zombie (D:3)
  An adder (D:3)
  4 gnolls
  3 worms (D:2)
  A dart slug (D:1)
  3 leopard geckos
  10 orcs
  4 bats
  2 giant cockroaches (D:2)
  7 goblins
  8 hobgoblins
  A jackal (D:4)
  3 kobolds
  A ball python (D:2)
  5 frilled lizards
  5 rats
61 creatures vanquished.

Notes
Turn   | Place    | Note
-------+----------+-------------------------------------------
     0 | D:1      | Descartes the Deep Elf Wanderer began the quest for the
                  | Orb.
     0 | D:1      | Descartes set off with the following items: a +0 dagger, a
                  | potion of lignification, a +0 robe; and the following
                  | spells available to memorise: Magic Dart, Pain, Blink, Call
                  | Imp, Slow, Conjure Flame, Mephitic Cloud, Vampiric Draining
     0 | D:1      | Reached XP level 1. HP: 14/14 MP: 5/5
     2 | D:1      | Learned a level 1 spell: Magic Dart
     4 | D:1      | Learned a level 1 spell: Pain
   351 | D:1      | Reached skill level 1 in Dodging
   582 | D:1      | Reached skill level 1 in Conjurations
   639 | D:1      | Reached XP level 2. HP: 19/19 MP: 2/6
   695 | D:1      | Reached skill level 2 in Spellcasting
  2165 | D:2      | Reached XP level 3. HP: 20/23 MP: 0/8
  2287 | D:2      | Found a glowing golden altar of the Shining One.
  2767 | D:2      | Reached skill level 3 in Spellcasting
  3039 | D:2      | Reached XP level 4. HP: 28/28 MP: 9/10
  3775 | D:3      | Found a faded altar of an unknown god.
  4039 | D:3      | Reached skill level 1 in Necromancy
  4042 | D:3      | Learned a level 2 spell: Blink
  4046 | D:3      | Learned a level 3 spell: Mephitic Cloud
  4583 | D:4      | Found a stormy altar of Qazlal.
  4638 | D:4      | Reached XP level 5. HP: 12/32 MP: 12/12
  4970 | D:4      | Reached skill level 4 in Spellcasting
  4985 | D:3      | Killed from afar by an orc priest

Illustrated notes

Levels and vault maps discovered:
D:1:      nagdon_arrival_double_spiral, layout_loops_ring, minmay_pentomino_q4
D:2:      layout_basic, nicolae_tso_carved_into_rock
D:3:      layout_basic, chequers_ecumenical_altar_simple_redux
D:4:      layout_cave_pools, lemuel_crystal_altar, nzn_hepliaklqana_mist_gate,
          dk_noncrumbling_4, grunt_qazlal_sundering

Skill      XL: |  1  2  3  4  5 |
---------------+----------------+-----
Dodging        | 1 2 3 |  3.3
Conjurations   | 1 2 3 |  3.0
Spellcasting   | 2 3 4 |  4.0
Necromancy     | 1 |  1.9
Fighting       | |  3.2
Stealth        | |  2.4
Fire Magic     | |  2.1
Evocations     | |  1.1

Action                   |  1- 3 |  4- 6 || total
-------------------------+-------+-------++-------
Melee: Dagger            |    11 |     2 ||    13
       Long sword        |       |     1 ||     1
 Cast: Magic Dart        |   133 |   140 ||   273
 Stab: Sleeping          |       |     1 ||     1
Armor: Robe              |    16 |    19 ||    35
Dodge: Dodged            |    51 |    68 ||   119
       Rpst.: Long sword |       |    17 ||    17
